 Dungeon Crawl Stone Soup version 0.24.0-123-gd5b16e6ec5 (webtiles) character file.

Game seed: 12407627233790504125, levelgen mode: deterministic

329 Elellon the Cleaver (level 6, -6/51 HPs)
             Began as a Hill Orc Fighter on Jan 19, 2020.
             Killed by nerve-wracking pain
             ... invoked by an orc priest
              (10 damage)
             ... on level 4 of the Dungeon.
             The game lasted 00:06:10 (4200 turns).

Elellon the Cleaver (Hill Orc Fighter)              Turns: 4200, Time: 00:06:10

Health: -6/51      AC:  9    Str: 23    XL:     6   Next: 50%
Magic:  6/6        EV:  5    Int:  8    God:
Gold:   264        SH: 10    Dex: 10    Spells: 5/5 levels left

rFire    . . .     SeeInvis .   a - +0 war axe
rCold    . . .     Gourm    .   c - +1 shield
rNeg     . . .     Faith    .   g - +0 chain mail
rPois    .         Spirit   .   (no helmet)
rElec    .         Reflect  .   (no cloak)
rCorr    .         Harm     .   (no gloves)
MR       .....                  (no boots)
Stlth    ..........             (no amulet)
HPRegen  0.17/turn              h - +2 ring of strength (curse)
MPRegen  0.10/turn              (no ring)

@: no status effects
A: no striking features
a: Convert to Beogh


You were on level 4 of the Dungeon.
You were not hungry.

You visited 1 branch of the dungeon, and saw 4 of its levels.

You collected 264 gold pieces.

Inventory:

Hand Weapons
 a - a +0 war axe (weapon)
Missiles
 k - 21 poisoned darts (quivered)
Armour
 b - a +0 plate armour
 c - a +1 shield (worn)
 g - a +0 chain mail (worn)
Jewellery
 h - a cursed +2 ring of strength (left hand)
 o - an uncursed ring of protection from cold
Scrolls
 e - 3 scrolls of remove curse
 j - a scroll of identify
Potions
 d - a potion of might
 l - a potion of agility {unknown}
 r - a potion of lignification {unknown}
Comestibles
 f - 11 rations
 i - 3 chunks of flesh


   Skills:
 - Level 3.6 Fighting
 + Level 8.8 Axes
 - Level 3.2 Armour
 - Level 3.2 Shields


You had 5 spell levels left.
You didn't know any spells.
Your spell library was empty.

Dungeon Overview and Level Annotations

Branches:
Dungeon (4/15)
 Temple: D:4-7

Altars:
Ashenzari


Message History

The orc priest is lightly wounded.
The orc priest shouts, "Surrender to Beogh and we'll let you live!"
You hit the orc wizard.
The orc wizard gestures at you while chanting.
The magic dart hits you!
* * * LOW HITPOINT WARNING * * *
You block the orc wizard's attack.
The orc priest hits you but does no damage.
The orc wizard gestures wildly while chanting.
The orc wizard blinks!
You hit the orc priest.
The orc priest shouts, "Surrender to Beogh and we'll let you live!"
The orc priest is lightly wounded.
Your chain mail prevents you from hitting the orc wizard.
The orc wizard gestures at you while chanting.
The puff of flame hits you!
* * * LOW HITPOINT WARNING * * *
The orc priest calls down the wrath of Beogh upon you.
Pain shoots through your body!
You die...

....#.........# #........
............#.###########........
............#>...................
###.................o...?#####...
#.......####...........#####.#.
#.......# #.§.........#.....#.
#.....### #...........#.#####.
*###....****#...........#..÷..#.
*>,*#...#*,>#..@........#####.#.
*,,,*,,,*,,,##oo..............#.
***,,*,,,*,,*#a..........#######.
*,***,,,,,**#.#..........# *,
*,,,,,,,,,,...#..........# *,
*,,,,,,8,,...,##.#.####### *,
*,,,,,,,,...,,*#.#..* *,
*****,,,,.##*,*#.##.#** *,
**,,*,,,*+,**,,,,,,,,* *,


You could see a worker ant, an orc priest and 2 orc wizards.

Vanquished Creatures
  An ogre (D:4)
  An orc priest (D:3)
  An orc wizard (D:4)
  4 gnolls (D:3)
  6 adders
  A worm (D:3)
  3 dart slugs
  5 leopard geckos
  8 orcs
  5 bats
  6 hobgoblins
  4 jackals
  2 quokkas (D:3)
  11 frilled lizards
  6 goblins
  10 kobolds
  9 rats
83 creatures vanquished.

Notes
Turn   | Place    | Note
-------+----------+-------------------------------------------
     0 | D:1      | Elellon the Hill Orc Fighter began the quest for the Orb.
     0 | D:1      | Reached XP level 1. HP: 19/19 MP: 1/1
    18 | D:1      | Reached skill level 3 in Axes
    30 | D:1      | You fall into a shaft and drop 1 floor!
    41 | D:2      | Reached XP level 2. HP: 26/26 MP: 2/2
   116 | D:2      | Reached skill level 4 in Axes
   497 | D:1      | Reached XP level 3. HP: 31/31 MP: 3/3
   925 | D:1      | Reached skill level 5 in Axes
  1849 | D:2      | Found a faded altar of an unknown god.
  1937 | D:2      | Reached XP level 4. HP: 36/39 MP: 4/4
  1968 | D:2      | Found a shattered altar of Ashenzari.
  2427 | D:3      | Reached skill level 6 in Axes
  2681 | D:3      | Reached XP level 5. HP: 37/45 MP: 5/5
  2963 | D:3      | Reached skill level 7 in Axes
  3538 | D:4      | Noticed an ogre
  3546 | D:4      | HP: 2/45 [ogre/+0 giant club (15)]
  3547 | D:4      | Killed an ogre
  3547 | D:4      | Reached skill level 8 in Axes
  3547 | D:4      | Reached XP level 6. HP: 2/51 MP: 6/6
  4200 | D:4      | Killed from afar by an orc priest

Levels and vault maps discovered:
D:1:      dpeg_arrival_central, layout_loops_corners, hangedman_decor_slide_cut,
          minmay_lizard_pond
D:2:      layout_basic, lemuel_crystal_altar, chequers_ecumenical_altar_simple,
          kennysheep_generic_room_11
D:3:      layout_loops_ring, kennysheep_path_1
D:4:      layout_basic, grunt_ministairs_6

Skill      XL: |  1  2  3  4  5 |
---------------+----------------+-----
Axes           | 3 4 5 6 8 |  8.8
Fighting       | |  3.6
Armour         | |  3.2
Shields        | |  3.2

Action                   |  1- 3 |  4- 6 || total
-------------------------+-------+-------++-------
Melee: War axe           |   111 |   169 ||   280
  Use: Scroll            |       |     6 ||     6
  Eat: Chunk             |     3 |     8 ||    11
Armor: Scale mail        |    43 |       ||    43
       Chain mail        |    22 |    68 ||    90
Dodge: Dodged            |    31 |    30 ||    61
Block: Shield            |    57 |    63 ||   120
